Map: Catalyst LE

Players

EastPickle - Winner!

  • Race: Zerg Zerg
  • League: Diamond
  • Spawn Location: 5:00

rat

  • Race: Zerg Zerg
  • League: Diamond
  • Spawn Location: 11:00

VOD

Have the link to the VOD?

Description

Time

  • Played on: Feb. 15, 2018, 11:34 p.m.
  • Length: 14:58
Show
View Real Time Build Order
Export as new Build Order

EastPickle Zerg - Winner!

Build Orders: Hatch First 

Get SALT Encoding   

  12  0:01  Drone  
  13  0:13  Overlord  
  13  0:17  Drone  
  14  0:32  Drone x2  
  14  0:35  Drone  
  17  0:55  Hatchery  
  16  0:58  Drone  
  16  1:00  Drone  
  16  1:03  Extractor  
  17  1:17  Spawning Pool  
  16  1:19  Drone  
  16  1:22  Drone  
  18  1:29  Drone  
  19  1:40  Overlord  
  19  2:04  Metabolic Boost  
  19  2:05  Queen  
  19  2:07  Queen  
  19  2:08  Drone x2  
  25  2:12  Drone  
  25  2:15  Drone  
  27  2:19  Drone  
  27  2:22  Drone  
  29  2:28  Drone  
  30  2:34  Evolution Chamber  
  29  2:39  Baneling Nest  
  29  2:40  Zergling x4  
  30  2:47  Overlord  
  30  2:58  Zergling x4  
  32  3:02  Zergling x2  
  33  3:06  Zergling x2  
  34  3:18  Hatchery  
  33  3:22  Drone  
  33  3:23  Drone x3  
  33  3:24  Drone  
  33  3:25  Baneling  
  33  3:27  Baneling  
  38  3:39  Drone x4  
  39  3:58  Drone x4  
  39  4:01  Extractor, Roach Warren  
  39  4:02  Zerg Missile Weapons Level 1  
  41  4:07  Baneling  
  41  4:08  Baneling  
  41  4:13  Zergling x6  
  44  4:23  Zergling x2  
  44  4:28  Zergling x2  
  44  4:29  Overlord x2  
  44  4:30  Overlord x2  
  43  4:38  Zergling x4  
  43  4:39  Zergling x8  
  43  4:43  Zergling x2  
  47  4:46  Roach  
  49  4:54  Zergling x2  
  48  5:00  Baneling  
  48  5:01  Baneling  
  46  5:12  Roach x6  
  51  5:16  Drone x3  
  54  5:34  Drone x3  
  57  5:37  Hatchery  
  56  5:49  Roach x4  
  65  5:57  Drone x4, Overlord  
  68  6:12  Roach x4  
  75  6:27  Roach x4  
  75  6:31  Zergling x6  
  80  6:43  Overlord x2  
  80  6:46  Roach x2  
  80  6:47  Roach  
  73  6:54  Drone  
  73  6:57  Drone  
  73  6:58  Drone x3  
  73  6:59  Extractor  
  75  7:07  Queen  
  77  7:11  Drone, Extractor, Zerg Ground Armor Level 1  
  77  7:15  Roach  
  78  7:19  Drone x4  
  82  7:23  Zergling x4  
  82  7:29  Roach  
  88  7:30  Roach x3  
  92  7:48  Roach  
  92  7:49  Roach x5  
  95  8:12  Roach x5  
  105  8:15  Overlord x3  
  105  8:16  Overlord  
  85  8:32  Roach x7  
  89  8:45  Lair  
  89  8:51  Roach x4  
  89  8:52  Roach  
  99  9:03  Roach  
  99  9:04  Roach x2  
  97  9:14  Roach x4  
  97  9:15  Roach x2  
  107  9:22  Extractor  
  102  9:25  Drone x2, Ravager  
  102  9:26  Drone x2  
  107  9:32  Ravager  
  107  9:36  Queen  
  107  9:37  Drone x3  
  107  9:38  Drone  
  114  9:41  Zergling x2  
  115  9:51  Roach x5  
  115  9:52  Roach  
  121  10:13  Roach x9  
  137  10:25  Roach x2  
  133  10:31  Hydralisk Den  
  133  10:35  Queen x2  
  105  11:04  Hydralisk  
  105  11:05  Hydralisk x8  
  109  11:17  Hydralisk x3  
  107  11:30  Roach  
  107  11:31  Roach x3  
  103  11:37  Zerg Missile Weapons Level 2  
  99  11:42  Roach x2  
  103  11:49  Queen  
  103  11:52  Hydralisk  
  105  12:02  Hydralisk x3  
  106  12:17  Drone x3  
  106  12:18  Drone x5  
  106  12:21  Roach  
  107  12:38  Roach  
  107  12:39  Roach x5  
  107  12:42  Zergling x2  
  112  13:07  Zergling x18  
  119  13:24  Roach  
  119  13:25  Roach  
  119  13:26  Overlord  
  121  13:36  Overlord x3  
  121  13:44  Queen  
  121  13:52  Ravager  
  122  14:00  Zergling x2  
  115  14:28  Hydralisk x8  
  131  14:31  Zergling x2  
  131  14:32  Zergling x2  
  131  14:36  Overseer  
Show
View Real Time Build Order
Export as new Build Order

rat Zerg 

Build Orders: Hatch First 

Get SALT Encoding   

  12  0:02  Drone  
  13  0:15  Overlord  
  13  0:18  Drone  
  14  0:35  Drone x2  
  16  0:53  Hatchery  
  15  0:57  Drone x2  
  15  1:02  Drone  
  18  1:12  Extractor  
  18  1:18  Spawning Pool  
  16  1:19  Drone  
  16  1:23  Drone  
  19  1:32  Drone  
  19  1:42  Overlord  
  19  2:05  Zergling x4  
  19  2:06  Queen  
  19  2:07  Queen  
  25  2:12  Drone  
  26  2:17  Drone x2  
  26  2:22  Metabolic Boost  
  28  2:28  Drone x2  
  30  2:49  Hatchery  
  29  2:53  Queen  
  29  2:57  Baneling Nest  
  30  3:04  Drone x2  
  33  3:05  Zergling x2  
  33  3:09  Overlord  
  33  3:12  Zergling x2  
  34  3:21  Drone x2  
  36  3:27  Overlord  
  36  3:37  Drone x5  
  40  3:49  Zergling x6  
  40  3:50  Zergling x4  
  44  4:00  Zergling x4  
  46  4:11  Zergling x2  
  46  4:12  Zergling x8  
  46  4:13  Drone  
  46  4:14  Drone  
  51  4:25  Drone x5  
  51  4:26  Baneling x2  
  51  4:27  Baneling x2  
  51  4:31  Queen  
  57  4:44  Baneling x2  
  54  4:55  Zergling x8  
  54  4:56  Zergling x2  
  57  5:04  Zergling x2  
  51  5:14  Extractor  
  51  5:16  Extractor  
  51  5:19  Drone x3, Roach Warren  
  51  5:20  Drone x3  
  54  5:29  Baneling x4  
  54  5:30  Baneling  
  54  5:33  Drone x3  
  54  5:34  Overlord  
  54  5:35  Overlord x2  
  57  5:40  Zergling x2  
  56  5:50  Zergling x2  
  56  5:51  Zergling x2  
  58  5:57  Spine Crawler  
  58  5:58  Spine Crawler, Zergling x2  
  58  5:59  Zergling x14  
  64  6:11  Zergling x16  
  63  6:24  Zergling x2  
  63  6:25  Zergling x10  
  55  6:36  Zergling x4  
  55  6:37  Zergling x2  
  57  6:40  Zergling x2  
  57  6:48  Queen  
  57  6:59  Lair  
  57  7:00  Drone x3  
  57  7:01  Drone x2  
  62  7:08  Extractor  
  62  7:09  Drone x3  
  62  7:11  Drone x3  
  66  7:19  Roach x4  
  66  7:22  Roach x2  
  78  7:25  Baneling x4  
  78  7:26  Baneling  
  78  7:27  Queen  
  80  7:30  Overlord x2  
  80  7:36  Roach  
  78  7:46  Roach x3  
  78  7:49  Roach x4  
  85  7:53  Zergling x2  
  85  7:54  Zergling x2  
  87  8:00  Roach x4  
  87  8:01  Zergling x2  
  87  8:02  Zergling x6  
  91  8:11  Roach x3  
  93  8:19  Zergling x6  
  88  8:20  Zergling x2  
  82  8:27  Zergling x8  
  82  8:29  Roach  
  82  8:30  Roach x3  
  90  8:39  Drone x3  
  93  8:44  Overlord  
  93  8:46  Spire  
  92  8:52  Glial Reconstitution  
  91  9:16  Roach x3  
  91  9:17  Roach  
  81  9:26  Roach x2  
  81  9:27  Roach x10  
  93  10:00  Mutalisk  
  93  10:01  Mutalisk x6  
  93  10:06  Zergling x6  
  104  10:16  Mutalisk  
  104  10:18  Overlord x3  
  104  10:19  Overlord x2, Queen  
  103  10:27  Mutalisk x4  
  104  10:34  Roach x2  
  104  10:35  Roach  
  96  10:37  Zergling x2  
  96  10:38  Zergling x2  
  82  10:50  Roach  
  82  10:51  Roach x4  
  82  10:59  Mutalisk  
  82  11:00  Roach  
  76  11:04  Ravager  
  76  11:06  Zergling x2  
  76  11:07  Zergling x4  
  68  11:11  Drone  
  68  11:15  Drone  
  62  11:21  Drone  
  62  11:22  Drone  
  56  11:27  Drone  
  56  11:32  Drone  
  53  11:33  Drone  
  53  11:37  Drone  
  55  11:54  Drone x2  
  55  11:55  Drone x3  
  52  12:18  Drone x3  
  52  12:19  Drone x2  
  52  12:21  Drone x3  
  58  12:30  Mutalisk  
  58  12:31  Mutalisk  
  60  12:41  Mutalisk x2  
  56  12:52  Mutalisk  
  56  12:55  Mutalisk  
  39  13:08  Mutalisk  
  34  13:17  Hatchery  
  34  13:19  Mutalisk  
Tags
 
Add a new tag
Caveats
  • Supply blocks, unpowered buildings, or Contaminate may cause inaccurate times.
  • Supply counts are checked every 10 seconds.